 Dungeon Crawl Stone Soup version 0.31-a0-640-g39d97e502b (webtiles) character file.

Game seed: 7787298375645478098

167573 tilp the Unseen (level 17, -5/142 HPs)
             Began as a Vampire Enchanter on Aug 27, 2023.
             Was the Champion of Wu Jian.
             Sank and fell apart
             ... summoned by a merfolk avatar
             ... on level 2 of the Shoals on Aug 28, 2023.
             The game lasted 01:25:35 (39602 turns).

tilp the Unseen (Vampire Enchanter)                Turns: 39602, Time: 01:25:36

Health: -5/142     AC: 24    Str: 10    XL:     17   Next: 31%
Magic:  32/32      EV: 15    Int: 23    God:    Wu Jian [******]
Gold:   1394       SH:  4    Dex: 17    Spells: 10/38 levels left

rFire   . . .        a - +4 dagger (freeze)
rCold   + . .        d - +0 buckler
rNeg    . . .        X - +2 ring mail {Will+}
rPois   .            E - +2 helmet
rElec   .            Y - +1 cloak {Stlth+}
rCorr   .            x - +4 pair of gloves of Philately {rC+ Will+ Str+3}
SInv    +            l - +0 pair of boots {Fly}
Will    +++..        (no amulet)
Stlth   +++++++      Q - ring of wizardry
HPRegen 0.63/turn    R - +4 ring of protection
MPRegen 0.23/turn

%: wizardry (x1)
@: about to teleport, flying, healing quickly
A: alive, fangs 3, see invisible, vampiric 2
a: Exsanguinate, Renounce Religion, Wall Jump, Serpent's Lash, Heavenly Storm


You were on level 2 of the Shoals.
You worshipped Wu Jian.
Wu Jian was exalted by your worship.
You visited 6 branches of the dungeon, and saw 29 of its levels.

You collected 2771 gold pieces.
You spent 1377 gold pieces at shops.

Inventory:

Hand Weapons
 a - a +4 dagger of freezing (weapon)
 b - the +7 Throatcutter {drain, coup de grace}
   (You found it on level 8 of the Dungeon)
 y - a +2 dagger of flaming
 V - a +4 rapier of electrocution
Missiles
 h - 5 silver javelins
 q - 46 poisoned darts (quivered)
 v - 12 curare-tipped darts
 G - 23 boomerangs
Armour
 d - a +0 buckler (worn)
 l - a +0 pair of boots of flying (worn)
 x - the +4 pair of gloves of Philately (worn) {rC+ Will+ Str+3}
   (You acquired it on level 8 of the Dungeon)

   Str+3:     It affects your strength (+3).
   rC+:       It protects you from cold.
   Will+:     It increases your willpower.
 z - +0 steam dragon scales
 E - a +2 helmet (worn)
 L - a +2 scale mail of poison resistance
 X - a +2 ring mail of willpower (worn)
 Y - a +1 cloak of stealth (worn)
Jewellery
 s - a ring of positive energy
 Q - a ring of wizardry (left hand)
 R - a +4 ring of protection (right hand)
Wands
 e - a wand of mindburst (25)
 i - a wand of polymorph (12)
 j - a wand of paralysis (24)
 u - a wand of quicksilver (9)
 K - a wand of flame (22)
 S - a wand of roots (3)
Scrolls
 f - 6 scrolls of amnesia
 n - 2 scrolls of poison
 w - 3 scrolls of fear
 A - 2 scrolls of vulnerability
 H - a scroll of revelation
 O - a scroll of brand weapon
 P - a scroll of summoning
 U - 6 scrolls of teleportation
 W - 5 scrolls of fog
 Z - a scroll of silence
Potions
 c - 5 potions of invisibility
 g - 3 potions of enlightenment
 k - a potion of resistance
 m - 4 potions of attraction
 o - 3 potions of cancellation
 r - 4 potions of brilliance
 B - 8 potions of curing
 C - 4 potions of haste
 F - 2 potions of magic
 I - 3 potions of might
 J - 2 potions of mutation
 N - 4 potions of lignification
Miscellaneous
 p - a condenser vane
 T - a sack of spiders


   Skills:
 - Level 15.0 Fighting
 - Level 10.0 Short Blades
 - Level 5.0 Armour
 - Level 12.0 Dodging
 - Level 18.0 Stealth
 - Level 11.0 Spellcasting
 - Level 2.0 Conjurations
 * Level 17.9 Hexes
 - Level 4.0 Summonings
 - Level 6.0 Transmutations
 - Level 4.0 Ice Magic
 + Level 7.7 Evocations


You had 10 spell levels left.
You knew the following spells:

 Your Spells              Type           Power      Damage    Failure   Level
a - Ensorcelled Hibernat  Hex/Ice        100%       N/A       1%          2
b - Confusing Touch       Hex            76%        N/A       1%          3
c - Tukima's Dance        Hex            76%        N/A       1%          3
d - Dazzling Flash        Conj/Hex       100%       N/A       1%          3
e - Yara's Violent Unrav  Hex/Tmut       30%        3d13      1%          5
f - Enfeeble              Hex            38%        N/A       4%          7
g - Summon Mana Viper     Hex/Summ       58%        N/A       2%          5

Your spell library contained the following spells:

 Spells                   Type           Power      Damage    Failure   Level
 Freeze                   Ice            100%       1d10      1%          1
 Summon Small Mammal      Summ           100%       N/A       1%          1
 Inner Flame              Hex/Fire       52%        N/A       1%          3
 Summon Guardian Golem    Hex/Summ       58%        N/A       1%          3
 Fulminant Prism          Conj/Hex       27%        3d13      1%          4
 Call Imp                 Summ           62%        N/A       2%          2
 Magic Dart               Conj           84%        1d7       3%          1
 Searing Ray              Conj           42%        2d6       4%          2
 Call Canine Familiar     Summ           31%        N/A       4%          3
 Frozen Ramparts          Ice            62%        1d10      4%          3
 Hailstorm                Conj/Ice       26%        3d7       6%          3
 Static Discharge         Conj/Air       34%        2-4/arc   8%          2
 Lesser Beckoning         Tloc           24%        N/A       12%         2
 Summon Ice Beast         Ice/Summ       31%        N/A       14%         4
 Mephitic Cloud           Conj/Pois/Air  15%        N/A       17%         3
 Gell's Gravitas          Tloc           12%        N/A       22%         3
 Teleport Other           Tloc           12%        N/A       22%         3
 Summon Lightning Spire   Summ/Air       21%        N/A       32%         4
 Airstrike                Air            6%         2d(1-17)  56%         4
 Passage of Golubria      Tloc           12%        N/A       56%         4
 Haunt                    Necr/Summ      10%        N/A       100%        7
 Monstrous Menagerie      Summ           15%        N/A       100%        7
 Spellforged Servitor     Conj/Summ      13%        N/A       100%        7
 Summon Hydra             Summ           15%        N/A       100%        7
 Borgnjor's Revivificati  Necr           Unusable   N/A       N/A         8
 Death's Door             Necr           Unusable   N/A       N/A         9

Dungeon Overview and Level Annotations

Branches:
Dungeon (15/15)            Temple (1/1) D:7            Lair (5/5) D:8
 Shoals (2/4) Lair:3       Spider (4/4) Lair:2        Slime (0/5) Lair:5
    Orc (2/2) D:12            Elf (0/3) Orc:2        Vaults (0/5) D:14
 Depths (0/4) D:15

Altars:
Ashenzari
Cheibriados
Dithmenos
Fedhas
Gozag
Hepliaklqana
Kikubaaqudgha
Makhleb
Nemelex Xobeh
Okawaru
Qazlal
Ru
Sif Muna
Trog
Uskayaw
Vehumet
Wu Jian
Xom
Yredelemnul
Jiyva

Shops:
D:6 *   Orc:2 :*[(:   Shoals:1 ?

Annotations:
D:4 dig vault
D:8 exclusion: obsidian statue
D:11 2 transporters, WhatIsLove's ghost, journeyman HOMo
Lair:5 1 runed translucent door; unfinished cato ending, 3 exclusions
Spider:3 3 runed translucent doors, Arachne; Rethriojy's ghost, adept GrEE
Spider:4 unfinished


Innate Abilities, Weirdness & Mutations

Your natural rate of healing is accelerated.
You have razor-sharp teeth.
You have supernaturally acute eyesight. (SInv)
You are afflicted with vampirism and can become a bat while bloodless.


Message History

* * * LOW HITPOINT WARNING * * *
The merfolk avatar chants a haunting song.
You resist with almost no effort.
Unknown command.
Unknown command.
Unknown command.
You can't go up here!
Unknown command.
Unknown command.
You feel better.
The grasping roots constrict the water nymph.
The water nymph barely misses you.
Unknown command.
As you read the scroll of teleportation, it crumbles to dust.
You feel strangely unstable.
The grasping roots constrict the water nymph!
The roots release their grip on the water nymph.
The water nymph barely misses you.
Unknown command.
You feel better. The water nymph touches you. The water nymph drowns you!
* * * LOW HITPOINT WARNING * * *
The drowned soul touches you. The drowned soul drowns you!
* * * LOW HITPOINT WARNING * * *
The merfolk avatar chants a haunting song.
You easily resist.
Unknown command.
Unknown command.
Unknown command.
You feel better. The water nymph completely misses you.
The merfolk avatar chants a haunting song.
You resist with almost no effort.
Unknown command.
Unknown command.
Unknown command.
You feel better. The water nymph touches you. The water nymph drowns you!
* * * LOW HITPOINT WARNING * * *
The drowned soul touches you. The drowned soul drowns you!
* * * LOW HITPOINT WARNING * * *
The drowned soul touches you. The drowned soul drowns you!
You die...

~~~~~~≈≈≈≈≈≈≈≈≈≈≈≈≈≈≈≈~P.#####..~
~~~~≈≈≈≈≈≈≈≈≈≈≈≈≈≈≈≈≈≈P..# #..~
~~~~~~≈≈≈≈≈≈≈≈≈≈≈≈≈≈≈≈~..# ##.~
~~~~~~~≈≈≈≈≈≈≈~~~≈≈≈≈≈≈P.## ##.~
~~~.~~~≈≈≈≈≈≈~~~~~~~≈≈≈≈~.# ##..~
~~~~~~~≈≈≈≈≈~~~.~~~~≈≈~...###..~~
~~~~~~~~~≈≈~~~..~~~≈≈≈≈....#.....
~~~~~~~~~~~~~~...~≈≈≈≈≈≈.........
~~~~~.~~~~~~m..~@~≈≈≈≈≈~~.###..~~
>~~~~~~~~~~....#m~≈≈≈≈≈~..# ##.~~
~~~~~~~~~~..~..~.~≈≈≈≈≈#### #.~~
~~~~~≈~PP~...~~..~~~≈≈≈##### #.~~
~≈≈≈≈≈mPP...[...~~~.~~.....# #..~
≈≈≈≈≈≈~P~P.........~...##### #..~
≈≈≈≈≈≈~PP.~~..........## ##.~~
≈≈≈≈≈≈~~.P~~~.........# ###..~~
≈≈≈≈≈≈≈~~~~~~..###.~~.## ##...~≈≈


You could see a merfolk avatar and a water nymph.

Vanquished Creatures
  Nikola (Spider:1)
  Rupert (D:13)
  Ilsuiw (Shoals:1)
  5 emperor scorpions
  Louise (Shoals:2)
  An orc warlord (Orc:2)
  An ironbound preserver (D:14)
  A spark wasp (Spider:3)
  3 merfolk impalers (Shoals:1)
  5 entropy weavers
  An ogre mage (D:15)
  6 centaur warriors
  An alligator (Lair:2)
  8 boulder beetles
  A radroach (Spider:3)
  6 hydras
  9 two-headed ogres
  3 jorogumos
  A catoblepas (Lair:5)
  3 anacondas (Lair:2)
  3 tengu warriors
  4 death yaks
  17 demonic crawlers
  3 orc high priests (Orc:2)
  Sonja (Lair:3)
  3 skysharks
  A skeletal warrior (D:14)
  2 fire crabs
  7 orb spiders
  A sun moth (Spider:1)
  4 pharaoh ants
  3 sea snakes (Shoals:1)
  7 steelbarb worms
  A wizard (D:14)
  4 orc knights (Orc:2)
  6 ugly things
  14 harpies
  13 wolf spiders
  2 deep elf zephyrmancers (D:15)
  A mana viper (shapeshifter) (D:15)
  2 necromancers
  6 orc sorcerers
  6 cyclopes
  4 deep elf pyromancers
  8 manticores
  4 moths of wrath
  9 fauns
  A nameless horror (Spider:2)
  9 elephants
  2 black mambas
  Joseph (D:7)
  8 torpor snails
  2 water nymphs (Shoals:1)
  8 merfolk sirens
  14 cane toads
  A centaur zombie (D:15)
  A guardian serpent (shapeshifter) (D:13)
  2 naga magi (D:15)
  An unseen horror (D:12)
  4 gargoyles
  12 komodo dragons
  Maggie (D:7)
  A rime drake (Lair:1)
  3 centaur skeletons (D:15)
  2 freezing wraiths
  A yaktaur (D:14)
  An efreet (D:14)
  4 trolls
  2 tengu conjurers
  2 meliai
  4 polar bears
  11 merfolk
  2 hornets
  15 tarantellas
  8 blink frogs
  A hornet (shapeshifter) (D:15)
  2 snapping turtles
  Grinder (D:3)
  6 dream sheep
  14 jumping spiders
  9 culicivoras
  A centaur simulacrum (D:14)
  Sigmund (D:5)
  10 slime creatures
  5 shadows
  A water elemental (Shoals:1)
  5 wraiths
  58 yaks
  A dancing weapon (D:9)
  6 wyverns
  7 vampire mosquitoes
  7 basilisks
  A steam dragon (D:9)
  18 redbacks
  2 wargs (Orc:1)
  4 acid dragons
  7 water moccasins
  Duvessa (D:5)
  Pargi (D:3)
  35 orc warriors
  5 ice beasts
  3 black bears
  A sky beast (D:7)
  9 wolves
  9 ogres
  3 centaurs
  A phantom (D:6)
  4 kobold brigands
  7 bullfrogs
  2 scorpions
  Blork the orc (D:5)
  A gnoll sergeant (D:10)
  Dowan (D:5)
  9 wights
  A hornet simulacrum (D:15)
  7 killer bees
  2 howler monkeys
  4 electric eels
  A lava snake (D:10)
  2 hounds
  6 jellies
  Crazy Yiuf (D:2)
  2 gnoll boudas
  20 orc priests
  2 sleepcaps (D:6)
  An iguana (D:7)
  30 orc wizards
  A hell rat (Lair:2)
  A mummy (D:4)
  Robin (D:2)
  18 gnolls
  10 adders
  A shadow imp (D:8)
  A white imp (D:6)
  2 adder skeletons (D:2)
  71 orcs
  9 ball pythons
  7 bats
  2 bat skeletons (D:2)
  12 endoplasms
  7 giant cockroaches
  5 hobgoblins
  2 jackals (D:5)
  28 kobolds
  6 quokkas
  2 ball python zombies (D:2)
  7 frilled lizards
  12 goblins
  2 hobgoblin zombies (D:4)
  2 orc zombies (D:4)
  A quokka skeleton (D:2)
  5 rats
872 creatures vanquished.

Vanquished Creatures (collateral kills)
  A dream sheep (Shoals:1)
  4 wights
5 creatures vanquished.

Vanquished Creatures (others)
  An ogre mage (D:15)
  A two-headed ogre (D:15)
  A shadow wraith (D:13)
  A torpor snail (Spider:2)
  5 dancing weapons
9 creatures vanquished.

Grand Total: 886 creatures vanquished

Notes
Turn   | Place    | Note
-------+----------+-------------------------------------------
     0 | D:1      | tilp the Vampire Enchanter began the quest for the Orb.
     0 | D:1      | Reached XP level 1. HP: 13/13 MP: 3/3
   339 | D:1      | Reached XP level 2. HP: 18/20 MP: 5/5
   342 | D:1      | Learned a level 2 spell: Ensorcelled Hibernation
   710 | D:1      | Found a faded altar of an unknown god.
   737 | D:1      | Reached skill level 1 in Fighting
   978 | D:2      | Gained mutation: You are afflicted with vampirism and can
                  | become a bat while bloodless. [Vampire growth]
   978 | D:2      | Reached XP level 3. HP: 26/26 MP: 6/6
   982 | D:2      | Learned a level 3 spell: Confusing Touch
  1186 | D:2      | Noticed Robin
  1207 | D:2      | Killed Robin
  1208 | D:2      | Reached XP level 4. HP: 9/32 MP: 0/7
  1355 | D:2      | Reached skill level 5 in Stealth
  1596 | D:2      | Found a runed translucent door.
  1597 | D:2      | Noticed Crazy Yiuf
  1815 | D:2      | Killed Crazy Yiuf
  1816 | D:2      | Reached skill level 5 in Hexes
  1816 | D:2      | Reached XP level 5. HP: 38/38 MP: 3/8
  1888 | D:3      | Noticed Grinder
  2107 | D:3      | Killed Grinder
  2108 | D:3      | Reached skill level 1 in Evocations
  2108 | D:3      | Reached XP level 6. HP: 30/46 MP: 6/10
  2403 | D:3      | Noticed Pargi
  2423 | D:3      | Killed Pargi
  3015 | D:4      | Reached XP level 7. HP: 52/52 MP: 11/11
  3270 | D:4      | Learned a level 3 spell: Tukima's Dance
  3274 | D:4      | Learned a level 3 spell: Dazzling Flash
  3429 | D:4      | Reached skill level 6 in Stealth
  3697 | D:5      | Entered Level 5 of the Dungeon
  3716 | D:5      | Noticed Sigmund
  4383 | D:5      | Killed Sigmund
  4384 | D:5      | Reached skill level 5 in Short Blades
  4384 | D:5      | Reached XP level 8. HP: 60/60 MP: 7/13
  4473 | D:5      | Noticed Duvessa
  4644 | D:5      | Reached skill level 7 in Stealth
  4959 | D:5      | Noticed Dowan
  4970 | D:5      | Noticed Blork the orc
  5272 | D:5      | Killed Duvessa
  5275 | D:5      | Killed Dowan
  5627 | D:5      | Killed Blork the orc
  5628 | D:5      | Reached skill level 5 in Fighting
  5987 | D:5      | Reached XP level 9. HP: 40/65 MP: 1/15
  6241 | D:6      | Reached skill level 8 in Stealth
  6475 | D:6      | Found Heariad's CLEARANCE SALE!.
  6481 | D:6      | Bought a scroll of fear for 16 gold pieces
  6603 | D:7      | Noticed a troll
  6609 | D:7      | Killed a troll
  6662 | D:7      | Found a staircase to the Ecumenical Temple.
  6669 | D:7      | Noticed a boulder beetle
  6700 | D:7      | Killed a boulder beetle
  6701 | D:7      | Reached skill level 9 in Stealth
  6738 | D:7      | Noticed Joseph
  6749 | D:7      | Noticed Maggie
  7035 | D:7      | Identified the +7 falchion of the Ghost {venom, *Noise
                  | Str+8 Dex+2 SInv}
  7054 | D:7      | Killed Maggie
  7055 | D:7      | Reached skill level 10 in Stealth
  7055 | D:7      | Reached skill level 5 in Spellcasting
  7150 | D:7      | Killed Joseph
  7151 | D:7      | Reached XP level 10. HP: 49/76 MP: 13/17
  7163 | Temple   | Entered the Ecumenical Temple
  7178 | Temple   | Became a worshipper of the Wu Jian Council
  7703 | D:6      | Reached skill level 10 in Short Blades
  7894 | D:8      | Identified a scroll of acquirement
  7894 | D:8      | Acquired the +4 pair of gloves of Philately {rC+ Will+
                  | Str+3}
  8050 | D:8      | Found a staircase to the Lair.
  8187 | D:8      | Found the +7 Throatcutter {drain, coup de grace}
  8317 | D:8      | You fall into a shaft and drop 2 floors!
  8317 | D:10     | Entered Level 10 of the Dungeon
  8342 | D:10     | Reached skill level 1 in Conjurations
  8346 | D:10     | Reached * piety under Wu Jian
  8347 | D:10     | Reached skill level 1 in Ice Magic
  9251 | D:8      | Noticed an obsidian statue
  9603 | D:8      | Learned a level 5 spell: Yara's Violent Unravelling
 10142 | D:9      | Reached skill level 1 in Transmutations
 10354 | D:9      | Reached ** piety under Wu Jian
 10513 | D:9      | Reached XP level 11. HP: 74/83 MP: 11/19
 10568 | D:9      | Noticed a two-headed ogre
 10583 | D:9      | Killed a two-headed ogre
 10584 | D:9      | Reached skill level 5 in Dodging
 12136 | D:11     | Reached skill level 10 in Hexes
 12143 | D:11     | Reached *** piety under Wu Jian
 12144 | D:11     | Reached skill level 11 in Stealth
 12406 | D:11     | Found a transporter.
 12415 | D:11     | Noticed a centaur warrior
 12444 | D:11     | Found a transporter.
 12651 | D:11     | Noticed WhatIsLove's ghost (journeyman HOMo)
 12978 | Lair:1   | Entered Level 1 of the Lair of Beasts
 14343 | Lair:2   | Reached XP level 12. HP: 81/92 MP: 18/21
 14464 | Lair:2   | Identified the +1 leather armour of Zidaoso {Harm rC+ rN+}
 14715 | Lair:2   | Reached **** piety under Wu Jian
 14716 | Lair:2   | Reached skill level 12 in Stealth
 14868 | Lair:2   | Found a hole to the Spider Nest.
 15211 | Lair:2   | Noticed an alligator
 15215 | Lair:2   | Killed an alligator
 15285 | Lair:2   | Noticed an anaconda
 15302 | Lair:2   | Noticed a six-headed hydra
 15308 | Lair:2   | Killed an anaconda
 15312 | Lair:2   | Killed a six-headed hydra
 15572 | Lair:2   | Noticed a seven-headed hydra
 15572 | Lair:2   | Noticed an anaconda
 15572 | Lair:2   | Noticed an eight-headed hydra
 15572 | Lair:2   | Noticed an anaconda
 15578 | Lair:2   | Killed an anaconda
 15579 | Lair:2   | Reached skill level 13 in Stealth
 16047 | Lair:2   | Noticed a four-headed hydra
 16053 | Lair:2   | Killed a four-headed hydra
 16291 | Lair:2   | Killed an eight-headed hydra
 16414 | Lair:2   | Killed a seven-headed hydra
 16415 | Lair:2   | Reached skill level 10 in Fighting
 16540 | Lair:2   | Killed an anaconda
 16541 | Lair:2   | Reached XP level 13. HP: 103/103 MP: 19/24
 16710 | Lair:2   | Identified the +2 trident "Tenkofoun" {vamp, rPois Str+3}
 16729 | Lair:2   | Learned a level 7 spell: Enfeeble
 16828 | Lair:3   | Found a staircase to the Shoals.
 17185 | Lair:3   | Noticed Sonja
 17192 | Lair:3   | Killed Sonja
 17193 | Lair:3   | Reached skill level 14 in Stealth
 17418 | Lair:3   | Reached ***** piety under Wu Jian
 17596 | Lair:3   | Reached skill level 1 in Armour
 18785 | Lair:5   | Entered Level 5 of the Lair of Beasts
 19300 | Lair:5   | Found a runed translucent door.
 19300 | Lair:5   | Found a viscous altar of Jiyva.
 19300 | Lair:5   | Found a staircase to the Slime Pits.
 19300 | Lair:5   | Noticed an acid blob
 19566 | Lair:5   | Reached skill level 15 in Stealth
 20114 | Lair:4   | Reached XP level 14. HP: 82/114 MP: 16/26
 20941 | D:12     | Found a staircase to the Orcish Mines.
 21649 | Orc:1    | Entered Level 1 of the Orcish Mines
 22034 | Orc:2    | Entered Level 2 of the Orcish Mines
 22343 | Orc:2    | Reached skill level 10 in Dodging
 22488 | Orc:1    | Reached ****** piety under Wu Jian
 22814 | Orc:2    | Found a staircase to the Elven Halls.
 22822 | Orc:2    | Found Mirphigiu's Book Shoppe.
 23142 | Orc:2    | Reached skill level 16 in Stealth
 24116 | Orc:2    | Noticed an orc warlord
 24126 | Orc:2    | Killed an orc warlord
 24361 | Orc:2    | Found Ahaeggipt's General Store.
 24362 | Orc:2    | Found Myrras's Book Shoppe.
 24364 | Orc:2    | Found Daxech's Antique Armour Shoppe.
 24364 | Orc:2    | Found Yxeiv's Antique Weapon Emporium.
 24379 | Orc:2    | Bought a scroll of teleportation for 48 gold pieces
 24681 | Orc:2    | Bought a crude helmet for 256 gold pieces
 24681 | Orc:2    | Identified the +2 helmet of a wizard's laboratory {Rampage
                  | rC+ Slay-2} (You bought it in a shop on level 2 of the
                  | Orcish Mines)
 24681 | Orc:2    | Bought a runed ring mail for 189 gold pieces
 24713 | Orc:2    | Bought a book of Beasts for 570 gold pieces
 24714 | Orc:2    | Bought a potion of lignification for 48 gold pieces
 24714 | Orc:2    | Bought a scroll of fog for 64 gold pieces
 24714 | Orc:2    | Bought a potion of lignification for 48 gold pieces
 24864 | D:13     | Noticed Rupert
 24866 | D:13     | Killed Rupert
 25850 | D:14     | Reached XP level 15. HP: 100/122 MP: 25/28
 25862 | D:14     | HP: 5/122 [acid (8)]
 26074 | D:14     | Found a gate to the Vaults.
 26088 | D:14     | Reached skill level 5 in Transmutations
 26667 | D:15     | Entered Level 15 of the Dungeon
 27294 | D:14     | Got Sif Muna's Enchiridion on the Mob
 27330 | D:14     | Identified the +6 shortbow of the Delightful God
                  | {antimagic, rF+}
 27624 | D:14     | Learned a level 5 spell: Summon Mana Viper
 27657 | D:15     | Reached skill level 5 in Evocations
 28958 | D:15     | Found a staircase to the Depths.
 29434 | Spider:1 | Entered Level 1 of the Spider Nest
 29860 | Spider:1 | Noticed an emperor scorpion
 29883 | Spider:1 | Killed an emperor scorpion
 29884 | Spider:1 | Reached skill level 17 in Stealth
 30023 | Spider:1 | Reached skill level 10 in Spellcasting
 30034 | Spider:1 | Noticed an emperor scorpion
 30037 | Spider:1 | Killed an emperor scorpion
 30427 | Spider:1 | Noticed Nikola
 31134 | Spider:1 | Killed Nikola
 31150 | Spider:1 | Reached XP level 16. HP: 92/132 MP: 18/30
 32283 | Spider:2 | Reached skill level 15 in Hexes
 33071 | Spider:2 | Reached skill level 5 in Armour
 33266 | Spider:2 | Reached skill level 1 in Summonings
 34910 | Spider:3 | Noticed Rethriojy's ghost (adept GrEE)
 35163 | Spider:3 | Found a runed translucent gate.
 35293 | Spider:3 | Found a runed translucent gate.
 35294 | Spider:3 | Found a runed translucent gate.
 35422 | Spider:3 | Noticed Arachne
 35799 | Spider:3 | Reached skill level 18 in Stealth
 36382 | Spider:4 | Entered Level 4 of the Spider Nest
 36551 | Shoals:1 | Entered Level 1 of the Shoals
 36969 | Shoals:1 | Found Neuqiqie's Magic Scroll Emporium.
 36972 | Shoals:1 | Bought a scroll of enchant weapon for 90 gold pieces
 36972 | Shoals:1 | Bought a scroll of vulnerability for 48 gold pieces
 37307 | Shoals:1 | Reached XP level 17. HP: 140/140 MP: 28/31
 38217 | Shoals:2 | Noticed Louise
 38221 | Shoals:2 | Killed Louise
 38513 | Shoals:2 | Reached skill level 15 in Fighting
 38888 | Shoals:2 | Noticed Ilsuiw
 39186 | Shoals:1 | Killed Ilsuiw
 39602 | Shoals:2 | HP: 6/142 [drowned by a drowned soul[a merfolk avatar]
                  | (11)]
 39602 | Shoals:2 | Sank and fell apart

Illustrated notes

Levels and vault maps discovered:
D:1:      ldierk_walled_garden_2, layout_loops_cross,
          hellmonk_ecumenical_altar_defaced_shrine
D:2:      layout_loops_cross, serial_undead, serial_undead_b, serial_undead_a,
          serial_undead_c, serial_undead_e, serial_undead_d, serial_undead_b,
          serial_undead_a, serial_undead_b, uniq_crazy_yiuf_cottage, uniq_robin
D:3:      layout_basic, uniq_grinder, uniq_pargi
D:4:      cheibrodos_quashed, layout_loops_cross, minmay_mini_ossuary
D:5:      layout_cave_pools, nicolae_nh_ransacked_shop, uniq_duvessa,
          uniq_sigmund, uniq_blork_the_orc
D:6:      layout_basic, corner_web_ring, nicolae_shop_clearance
D:7:      layout_basic, minmay_temple_entry_ruins, eino_tiny_chamber,
          uniq_joseph, uniq_maggie
D:8:      minmay_statue_hallways, layout_basic, mainiacjoe_overflow_brackets
D:9:      layout_long_grid
D:10:     layout_big_octagon, hex_medium
D:11:     layout_basic, nzn_ghost_randoct
D:12:     layout_small_grid, orc_0_dummy
D:13:     nzn_winding_woodlands_three_and_one
          [nzn_winding_woodlands_5x15_lazy_stream,
          nzn_winding_woodlands_5x15_jagged, nzn_winding_woodlands_5x15_default,
          nzn_winding_woodlands_center_triple_pond], layout_basic, uniq_rupert
D:14:     cheibrodos_wizards_tower, layout_cave_pools,
          skrybe_vaults_entry_preservation, kennysheep_nondescript,
          nicolae_doodle_vault
D:15:     grunt_enter_depths_magical_seal, layout_long_grid
Temple:   regret_index_temple_sigil_plot
Lair:1:   layout_loops_ring, grunt_megastairs_4
Lair:2:   layout_cave_pods, hellmonk_spider_entry_not_the_bees,
          nicolae_lair_lakeside_cave
Lair:3:   layout_chaotic_city, shoals_dummy_entry, serial_bayou_pond_a,
          st_stairs_5, uniq_sonja
Lair:4:   layout_concentric_octagons, lemuel_fruit_tree
Lair:5:   evilmike_catoblepas_cave, layout_gridlike, slime_entry_2,
          patterned_corridor
Shoals:1: layout_shoals, serial_shops, nicolae_shop_rolled_up,
          nicolae_shoals_stone_sculpture_thing
Shoals:2: layout_shoals, uniq_louise, uniq_ilsuiw, uniq_mlioglotl
Spider:1: layout_chambers, nicolae_crawler_farm, uniq_nikola
Spider:2: layout_cave_pods
Spider:3: layout_cave_pods, gammafunk_ghost_split, uniq_arachne
Spider:4: spider_rune_water, drop_trap
Orc:1:    layout_diamond_mine
Orc:2:    st_orc_congregation, layout_diamond_mine, serial_shops,
          nicolae_book_shop_shelving

Skill      XL: |  1  2  3  4  5  6  7  8  9 10 11 12 13 14 15 16 17 |
---------------+----------------------------------------------------+-----
Fighting       | 1 2 3 5 6 8 10 11 12 13 14 15 | 15.0
Short Blades   | 2 3 5 6 9 10 | 10.0
Stealth        | 5 6 7 10 11 13 15 16 17 18 | 18.0
Hexes          | 5 6 7 8 9 11 12 14 16 17 | 17.9
Dodging        | 3 4 6 7 9 10 12 | 12.0
Evocations     | 1 2 4 5 7 |  7.7
Spellcasting   | 3 4 5 6 7 8 9 10 11 | 11.0
Conjurations   | 2 |  2.0
Ice Magic      | 2 3 4 |  4.0
Transmutations | 1 3 4 6 |  6.0
Armour         | 2 3 4 5 |  5.0
Summonings     | 3 4 |  4.0

Action                     |  1- 3 |  4- 6 |  7- 9 | 10-12 | 13-15 | 16-18 || total
---------------------------+-------+-------+-------+-------+-------+-------++-------
  Melee: Dagger            |    41 |    10 |   248 |   378 |   890 |   422 ||  1989
         Bite              |     9 |    16 |    35 |    52 |   140 |    59 ||   311
         Short sword       |    85 |   146 |       |       |       |       ||   231
         Punch             |     1 |     1 |     4 |    13 |     4 |       ||    23
         Long sword        |       |       |       |    95 |    60 |     5 ||   160
  Throw: Dart              |       |       |     1 |     2 |     1 |     6 ||    10
         Stone             |       |       |     1 |       |       |       ||     1
   Cast: Ensorcelled Hiber |     3 |    10 |    72 |   172 |   305 |   179 ||   741
         Confusing Touch   |       |     4 |    10 |    21 |    37 |    22 ||    94
         Tukima's Dance    |       |       |    10 |    18 |     6 |     4 ||    38
         Dazzling Flash    |       |       |     1 |     9 |    24 |    16 ||    50
         Enfeeble          |       |       |       |       |    13 |     9 ||    22
         Summon Mana Viper |       |       |       |       |       |     6 ||     6
         Yara's Violent Un |       |       |       |       |       |     1 ||     1
 Invoke: Serpent's Lash    |       |       |       |       |     1 |       ||     1
Ability: Lunge             |       |       |       |    52 |   126 |    85 ||   263
         Whirlwind         |       |       |       |    13 |    24 |    16 ||    53
  Evoke: Wand              |       |       |     6 |     8 |     4 |     1 ||    19
    Use: Scroll            |     3 |     6 |     6 |    16 |     8 |     4 ||    43
         Potion            |     1 |       |       |     1 |     5 |     7 ||    14
   Stab: Sleeping          |     6 |     7 |    38 |   104 |   254 |   131 ||   540
         Distracted        |     1 |       |     2 |     1 |     1 |       ||     5
         Invisible         |       |     1 |     3 |     6 |    31 |    18 ||    59
         Confused          |       |     3 |    10 |    22 |    35 |    21 ||    91
         Paralysed         |       |       |     3 |       |    11 |       ||    14
         Fleeing           |       |       |       |     1 |       |       ||     1
 Armour: Robe              |    16 |    36 |    54 |       |       |       ||   106
         Steam dragon scal |       |       |       |   181 |   225 |       ||   406
         Scale mail        |       |       |       |       |    49 |   128 ||   177
         Ring mail         |       |       |       |       |       |    89 ||    89
  Dodge: Dodged            |    87 |   101 |   158 |   321 |   566 |   238 ||  1471
  Block: Buckler           |       |       |       |       |    69 |    79 ||   148

Table legend: (Time is in decaauts)
 A = Elapsed time spent in this place.
 B = Non-inter-level travel time spent in this place.
 C = Inter-level travel time spent in this place.
 D = Time resting spent in this place.
 E = Time spent auto-exploring this place.
 F = Levels seen in this place.
 G = Mean time per level.
                   A        B        C        D        E       F      G
               +--------+--------+--------+--------+--------+-----+--------+
         Total |  39049 |  36616 |   2433 |  10237 |  17933 |  29 | 1346.5 |
       Dungeon |  18299 |  17061 |   1238 |   3681 |  10027 |  15 | 1219.9 |
        Temple |     30 |      1 |     29 |      0 |      0 |   1 |   30.0 |
          Lair |   7907 |   7528 |    379 |   2381 |   3794 |   5 | 1581.4 |
        Shoals |   2746 |   2681 |     65 |    931 |    362 |   2 | 1373.0 |
   Spider Nest |   7059 |   6516 |    543 |   2330 |   2538 |   4 | 1764.8 |
  Orcish Mines |   3005 |   2828 |    177 |    914 |   1212 |   2 | 1502.5 |
               +--------+--------+--------+--------+--------+-----+--------+

Top non-repeatable levels by time:
  Lair:2: 2719 daAuts
Spider:1: 2615 daAuts
Spider:2: 2604 daAuts
Shoals:1: 2031 daAuts
   Orc:2: 2014 daAuts
    D:14: 1973 daAuts
Spider:3: 1811 daAuts
     D:5: 1590 daAuts
  Lair:4: 1570 daAuts
     D:8: 1527 daAuts
     D:9: 1417 daAuts
    D:15: 1391 daAuts
  Lair:1: 1352 daAuts
     D:4: 1319 daAuts
    D:11: 1210 daAuts
